 Dungeon Crawl Stone Soup version 0.20-a0-1088-gd50b1d5 (webtiles) character file.

14450 Murumi the Unseen (level 11, -1/79 HPs)
             Began as a Vampire Enchanter on May 2, 2017.
             Was a Priest of Dithmenos.
             Engulfed by an ice statue's freezing vapour (6 damage)
             ... in an ice cave.
             The game lasted 00:54:37 (14509 turns).

Murumi the Unseen (Vampire Enchanter)              Turns: 14509, Time: 00:54:37

Health: -1/79      AC:  6    Str:  6 (7)  XL:     11   Next: 88%
Magic:  0/17       EV: 17    Int: 21 (24) God:    Dithmenos [***...]
Gold:   1022       SH:  0    Dex: 16 (19) Spells: 9/20 levels left

rFire    + . .     SeeInvis +   n - +0 dagger (venom)
rCold    + . .     Gourm    .   (no shield)
rNeg     + . .     Faith    .   x - +2 robe {rN+}
rPois    +         Spirit   +   e - +1 helmet
rElec    +         Reflect  .   A - scarf {Spirit}
rCorr    +         Harm     .   (no gloves)
MR       +....                  (no boots)
Stlth    ++++++++++             (no amulet)
Regen    0.5/turn               F - ring of stealth
MPRegen  0.2/turn               v - +3 ring of intelligence

@: resistant, regenerating quickly, hasted, wreathed by umbra, very quick
A: fangs 3, thin skeletal structure 1, see invisible, clever 1, low mp 1,
unbreathing
a: Shadow Step, Renounce Religion


You were in an ice cave.
You worshipped Dithmenos.
Dithmenos was most pleased with you.
You were full.

You visited 3 branches of the dungeon, and saw 13 of its levels.
You also visited: Bailey and Ice Cave.

You collected 1022 gold pieces.

Inventory:

Hand Weapons
 a - a +1 dagger
 n - a +0 dagger of venom (weapon)
Armour
 b - a +2 large shield
 e - a +1 helmet (worn)
 x - a +2 robe of positive energy (worn)
 A - a scarf of spirit shield (worn)
 K - a +0 buckler
Jewellery
 i - an uncursed ring of poison resistance
 o - a +6 ring of evasion
 v - a +3 ring of intelligence (right hand)
 B - an uncursed ring of protection from magic
 F - a ring of stealth (left hand)
Wands
 y - a wand of digging (11/24)
 z - a wand of polymorph (17/24)
Scrolls
 j - a scroll of amnesia
 m - 2 scrolls of fog
 p - a scroll of noise
 q - 6 scrolls of teleportation
 r - 5 scrolls of remove curse
 s - 2 scrolls of blinking {unknown}
 t - 4 scrolls of recharging
 D - a scroll of enchant weapon {unknown}
 H - 5 scrolls of enchant armour
 I - a scroll of vulnerability {unknown}
Potions
 d - 18 potions of blood
 f - 6 potions of curing
 g - 7 potions of agility
 h - 3 potions of flight
 k - a potion of brilliance
 l - a potion of cancellation
 u - 2 potions of ambrosia
 w - a potion of haste
 G - a potion of heal wounds
Books
 c - a book of Maledictions

   Spells                             Type                      Level
   a - Corona                         Hexes                        1
   b - Ensorcelled Hibernation        Hexes/Ice                    2
   c - Confuse                        Hexes                        3
   d - Tukima's Dance                 Hexes                        3
   e - Dazzling Spray                 Conjuration/Hexes            3
 E - a book of Air

   Spells                             Type                      Level
   a - Shock                          Conjuration/Air              1
   b - Swiftness                      Charms/Air                   2
   c - Static Discharge               Conjuration/Air              3
   d - Airstrike                      Air                          4
   e - Lightning Bolt                 Conjuration/Air              5


   Skills:
 - Level 5.0 Fighting
 + Level 7.0 Short Blades
 - Level 7.1 Dodging
 - Level 19.0 Stealth
 - Level 5.2 Spellcasting
 - Level 12.0 Hexes


You had 9 spell levels left.
You knew the following spells:

 Your Spells              Type           Power        Failure   Level  Hunger
b - Ensorcelled Hibernat  Hex/Ice        ####..       1%          2    None
c - Confuse               Hex            ######..     1%          3    ##.....
d - Tukima's Dance        Hex            ######..     1%          3    ##.....
e - Dazzling Spray        Conj/Hex       ####..       2%          3    ##.....


Dungeon Overview and Level Annotations

Branches:
Dungeon (10/15)            Temple (1/1) D:5            Lair (2/6) D:10
  Swamp: Lair:2-4    Shoals: Lair:2-4     Snake: Lair:2-4    Spider: Lair:2-4
    Orc: D:9-12

Altars:
Ashenzari
Cheibriados
Dithmenos
Elyvilon
Fedhas
Gozag
Hepliaklqana
Kikubaaqudgha
Makhleb
Nemelex Xobeh
Okawaru
Qazlal
Ru
Sif Muna
Trog
Uskayaw
Vehumet
Wu Jian
Xom
Yredelemnul
Zin
The Shining One

Annotations:
IceCv exclusion: 2 ice statues


Innate Abilities, Weirdness & Mutations

Your natural rate of healing is unusually fast.
You have razor-sharp teeth.
You have supernaturally acute eyesight. (SInv)
You can survive without breathing.
You have a somewhat thin skeletal structure. (Dex +2, Stealth)
Your mind is acute. (Int +2)
Your magical capacity is low. (-10% MP)


Message History

The bolt of cold hits you! You resist. The ice beast misses you.
Yummy - fresh blood!
The ice statue gestures at you. The freezing blast engulfs you! You resist.
Yummy - fresh blood!
You are engulfed in freezing vapours.
You resist.
* * * LOW HITPOINT WARNING * * *
The ice beast misses you.
Yummy - fresh blood!
You are engulfed in freezing vapours.
You resist.
* * * LOW HITPOINT WARNING * * *
The ice statue gestures at you. The bolt of cold hits you! You resist.
* * * LOW HITPOINT WARNING * * *
The ice beast closely misses you.
Yummy - fresh blood!
You are engulfed in freezing vapours.
You resist.
* * * LOW HITPOINT WARNING * * *
Yummy - fresh blood!
You are engulfed in freezing vapours.
You resist.
* * * LOW HITPOINT WARNING * * *
The ice beast hits you but does no damage.
Yummy - fresh blood!
You are engulfed in freezing vapours.
You resist.
You die...

#........ ####
8........ ##..##
##........
##....######.........
#.......##...........
#..∩∩.............⌠..
#..........§4§.......
##....##.§##Y§.......
##..#####§@#........
#### ###8§.......
#§....... ##.......
##..... ##


You could see an ice statue, an ice devil and an ice beast.

Vanquished Creatures
  Erica (D:8)
  A two-headed ogre (D:7)
  Urug (Lair:2)
  Nergalle (Lair:2)
  3 orc knights (Bailey)
  Pikel (D:6)
  An elephant (D:10)
  A centaur zombie (D:10)
  A spiny frog (Lair:1)
  An ice devil (IceCv)
  A troll (D:9)
  A polar bear (Lair:1)
  Prince Ribbit (D:8)
  5 blink frogs (Lair:1)
  5 hippogriffs
  2 wyverns
  2 yaks
  3 hogs (D:8)
  A human (D:8)
  3 basilisks
  4 water moccasins (Lair:1)
  Duvessa (D:4)
  A porcupine (Lair:1)
  5 orc warriors (Bailey)
  2 sky beasts
  A hornet zombie (D:10)
  A black bear (D:7)
  4 ogres
  3 phantoms
  2 centaurs (D:5)
  3 crocodiles
  5 bullfrogs
  Dowan (D:4)
  A scorpion (D:4)
  3 wights (D:6)
  A water moccasin skeleton (D:6)
  3 killer bees (D:10)
  2 howler monkeys
  2 crimson imps
  A quasit (D:6)
  2 bullfrog zombies (D:10)
  A bullfrog skeleton (D:6)
  4 hounds
  An orc priest (D:6)
  2 jellies
  2 iguanas
  A centaur skeleton (D:6)
  Natasha (thrice) (D:2)
  10 orc wizards
  7 worker ants
  A killer bee zombie (D:7)
  2 hound skeletons
  A hound zombie (D:5)
  2 howler monkey skeletons
  5 gnolls
  21 adders
  4 oozes
  An adder zombie (D:5)
  An adder skeleton (D:6)
  8 worms
  4 leopard geckos
  31 orcs
  10 bats
  7 giant cockroaches
  15 goblins
  6 hobgoblins
  9 jackals
  4 quokkas
  A ball python (D:6)
  8 frilled lizards
  A jackal skeleton (D:7)
  15 kobolds
  A leopard gecko skeleton (D:4)
  7 rats
280 creatures vanquished.

Vanquished Creatures (collateral kills)
  A two-headed ogre (D:9)
  An orc warrior (Bailey)
  A shadow imp (D:5)
  A kobold (Bailey)
4 creatures vanquished.

Vanquished Creatures (others)
  2 dancing weapons (Bailey)
2 creatures vanquished.

Grand Total: 286 creatures vanquished

Notes
Turn   | Place    | Note
-------+----------+-------------------------------------------
     0 | D:1      | Murumi the Vampire Enchanter began the quest for the Orb.
     0 | D:1      | Reached XP level 1. HP: 13/13 MP: 3/3
   190 | D:1      | Reached skill level 5 in Stealth
   319 | D:1      | Reached XP level 2. HP: 19/20 MP: 1/5
   323 | D:1      | Learned a level 2 spell: Ensorcelled Hibernation
   429 | D:1      | Reached skill level 1 in Fighting
  1200 | D:2      | Reached skill level 6 in Stealth
  1200 | D:2      | Reached XP level 3. HP: 26/26 MP: 6/6
  1227 | D:2      | Found a shattered altar of Ashenzari.
  1245 | D:2      | Learned a level 3 spell: Confuse
  1314 | D:2      | Noticed Natasha
  1358 | D:2      | Killed Natasha
  1358 | D:2      | Reached skill level 7 in Stealth
  1358 | D:2      | Reached XP level 4. HP: 28/32 MP: 1/7
  2068 | D:2      | Reached skill level 8 in Stealth
  2225 | D:2      | Noticed Natasha
  2232 | D:2      | Killed Natasha
  2318 | D:2      | Reached XP level 5. HP: 37/37 MP: 8/8
  2323 | D:2      | Learned a level 3 spell: Tukima's Dance
  2333 | D:2      | Found a shattered altar of Ashenzari.
  2421 | D:2      | Noticed Natasha
  2433 | D:2      | Killed Natasha
  2923 | D:3      | Reached skill level 9 in Stealth
  3105 | D:3      | Found a sparkling altar of Nemelex Xobeh.
  3580 | D:4      | Reached XP level 6. HP: 43/43 MP: 9/9
  3678 | D:4      | Reached skill level 10 in Stealth
  3765 | D:4      | Found a shimmering altar of Xom.
  3861 | D:4      | Noticed Dowan
  3862 | D:4      | Noticed Duvessa
  3873 | D:4      | Killed Dowan
  3873 | D:4      | Reached skill level 5 in Hexes
  3962 | D:4      | Killed Duvessa
  4390 | D:4      | Found a white marble altar of Elyvilon.
  4980 | D:4      | Reached XP level 7. HP: 35/50 MP: 1/10
  5567 | D:5      | Entered Level 5 of the Dungeon
  5674 | D:5      | Reached skill level 11 in Stealth
  5731 | D:5      | Reached XP level 8. HP: 56/56 MP: 11/11
  5736 | D:5      | Found a staircase to the Ecumenical Temple.
  5768 | Temple   | Entered the Ecumenical Temple
  5936 | Temple   | Became a worshipper of Dithmenos the Shadowed
  6091 | D:5      | Reached skill level 12 in Stealth
  6186 | D:5      | Learned a level 3 spell: Dazzling Spray
  6778 | D:5      | Found a snail-covered altar of Cheibriados.
  6917 | D:6      | Found an ornate altar of the Wu Jian Council.
  6947 | D:6      | Found a hide-covered altar of Uskayaw.
  6978 | D:6      | Found a glowing golden altar of the Shining One.
  7279 | D:6      | Reached * piety under Dithmenos
  7321 | D:6      | Noticed Pikel
  7328 | D:6      | Killed Pikel
  7328 | D:6      | Reached XP level 9. HP: 66/66 MP: 13/13
  7496 | D:6      | Reached skill level 5 in Fighting
  7665 | D:6      | Found a sacrificial altar of Ru.
  8133 | D:6      | Reached skill level 13 in Stealth
  8390 | D:7      | Found a flagged portal.
  8470 | Bailey   | Entered a bailey
  8477 | Bailey   | Noticed an orc knight
  8490 | Bailey   | Noticed an orc knight
  8533 | Bailey   | Noticed an orc knight
  8593 | Bailey   | Killed an orc knight
  8593 | Bailey   | Reached skill level 14 in Stealth
  8833 | Bailey   | Killed an orc knight
  8833 | Bailey   | Reached skill level 15 in Stealth
  9252 | Bailey   | Reached skill level 16 in Stealth
  9252 | Bailey   | Reached XP level 10. HP: 44/74 MP: 1/14
  9394 | Bailey   | Killed an orc knight
  9394 | Bailey   | Reached skill level 5 in Short Blades
  9951 | D:7      | Reached ** piety under Dithmenos
  9973 | D:7      | Gained mutation: Your body sometimes deteriorates upon taking damage. [potion of mutation]
  9973 | D:7      | Gained mutation: Armour fits poorly on your strangely shaped body. [potion of mutation]
  9973 | D:7      | Gained mutation: You have large cloven feet. [potion of mutation]
  9974 | D:7      | Lost mutation: You have large cloven feet. [potion of mutation]
  9974 | D:7      | Lost mutation: Your body sometimes deteriorates upon taking damage. [potion of mutation]
  9974 | D:7      | Lost mutation: Armour fits poorly on your strangely shaped body. [potion of mutation]
  9974 | D:7      | Gained mutation: Your magical capacity is low. (-10% MP) [potion of mutation]
  9974 | D:7      | Gained mutation: Your mind is acute. (Int +2) [potion of mutation]
  9974 | D:7      | Gained mutation: You have a somewhat thin skeletal structure. (Dex +2, Stealth) [potion of mutation]
 10068 | D:7      | Noticed a two-headed ogre
 10075 | D:7      | Killed a two-headed ogre
 10357 | D:8      | Noticed Prince Ribbit
 10359 | D:8      | Killed Prince Ribbit
 10931 | D:8      | Noticed Erica
 10938 | D:8      | Killed Erica
 10938 | D:8      | Reached skill level 5 in Spellcasting
 11522 | D:9      | Reached skill level 17 in Stealth
 11662 | D:9      | Reached XP level 11. HP: 79/79 MP: 17/17
 12148 | D:9      | Reached skill level 10 in Hexes
 12203 | D:10     | Entered Level 10 of the Dungeon
 12228 | D:9      | Noticed a two-headed ogre
 12249 | D:9      | Killed a two-headed ogre
 12489 | D:10     | Found a staircase to the Lair.
 12624 | D:10     | Reached skill level 18 in Stealth
 13221 | D:10     | Reached *** piety under Dithmenos
 13330 | Lair:1   | Entered Level 1 of the Lair of Beasts
 13862 | Lair:1   | Reached skill level 19 in Stealth
 14327 | Lair:2   | Found a frozen archway.
 14334 | Lair:2   | Noticed Nergalle
 14336 | Lair:2   | Noticed Urug
 14339 | Lair:2   | Killed Nergalle
 14344 | Lair:2   | Killed Urug
 14358 | IceCv    | Entered an ice cave
 14509 | IceCv    | Engulfed by an ice statue's freezing vapour

Vault maps used:
D:1:      lightli_arrival_noodles
D:2:      nicolae_overflow_crystal_walls, uniq_natasha
D:3:      st_stairs_3, minmay_misc_feat_tiny, nemelex_spade_bored_becter
D:4:      overflow_temple_1_default, lemuel_crystal_altar, first_bread,
          uniq_duvessa
D:5:      kennysheep_six_static_rooms, nicolae_overflow_hidden_temple,
          minmay_temple_entry_nine_rooms, grunt_ministairs_8,
          minmay_misc_feat_enclosed
D:6:      lemuel_crystal_altar, minitemple, lightli_corner_chamber, uniq_pikel
D:7:      enter_bailey_3
D:8:      grunt_livestock, uniq_prince_ribbit1, uniq_erica
D:10:     david_lair_generic, nrook_uturn
Temple:   eino_narrow_crystal_temple
Lair:1:   st_stairs_12, eino_small_chamber_without_monster,
          nicolae_quartered_pool_super
Lair:2:   dummy_snake_entry, portal_ice_cave_entry_pillars_2, uniq_fannar,
          uniq_nergalle, uniq_urug
Bailey:   bailey_axe_4, bailey
IceCv:    ice_cave_tombish

Skill      XL: |  1  2  3  4  5  6  7  8  9 10 11 |
---------------+----------------------------------+-----
Stealth        | 5 6 7 8 9 10 11 12 16 17 19 | 19.0
Fighting       | 1 2 4 5 |  5.0
Short Blades   | 2 3 4 6 7 |  7.0
Hexes          | 6 8 9 12 | 12.0
Dodging        | 3 4 6 7 |  7.1
Spellcasting   | 3 5 |  5.2

Action                   |  1- 3 |  4- 6 |  7- 9 | 10-12 || total
-------------------------+-------+-------+-------+-------++-------
Melee: Dagger            |    95 |   196 |   132 |   167 ||   590
       Bite              |     4 |    16 |     6 |    17 ||    43
       Unarmed           |       |       |       |     1 ||     1
 Cast: Corona            |     9 |       |       |       ||     9
       Ensorcelled Hiber |    18 |    34 |    44 |    56 ||   152
       Confuse           |       |    22 |    37 |    14 ||    73
       Tukima's Dance    |       |       |     4 |    12 ||    16
       Dazzling Spray    |       |       |       |     5 ||     5
 Abil: End Transformatio |       |     1 |     2 |     3 ||     6
       Bat Form          |       |     1 |     2 |     3 ||     6
Evoke: Wand              |       |       |     1 |     1 ||     2
  Use: Scroll            |     8 |     3 |     3 |     5 ||    19
       Potion            |       |     5 |       |    14 ||    19
 Stab: Sleeping          |    16 |    38 |    55 |    72 ||   181
       Distracted        |     1 |     5 |     1 |     2 ||     9
       Confused          |       |     4 |     9 |     7 ||    20
Armor: Robe              |    20 |    20 |     9 |     7 ||    56
Dodge: Dodged            |    74 |   153 |   143 |   108 ||   478
